 Dungeon Crawl Stone Soup version 0.29-a0-676-ga64570c9d2 (webtiles) character file.

Game seed: 2504516618631708960

66 Patoropollo the Sneak (level 3, -2/16 HPs)
             Began as a Spriggan Enchanter on June 25, 2022.
             Slain by a worm (8 damage)
             ... on level 2 of the Dungeon.
             The game lasted 00:03:44 (1594 turns).

Patoropollo the Sneak (Spriggan Enchanter)          Turns: 1594, Time: 00:03:45

Health: -2/16      AC:  2    Str:  4    XL:     3   Next: 96%
Magic:  1/8        EV: 18    Int: 16    God:
Gold:   130        SH:  0    Dex: 17    Spells: 6/8 levels left

rFire   . . .      SeeInvis +   a - +1 dagger
rCold   + . .      Faith    .   (no shield)
rNeg    . . .      Spirit   .   b - +0 robe
rPois   .          Reflect  .   (helmet restricted)
rElec   .          Harm     .   (no cloak)
rCorr   .          Rampage  .   (gloves unavailable)
Will    .....                   (boots unavailable)
Stlth   +++.......              (no amulet)
HPRegen 0.05/turn               j - ring of protection from cold
MPRegen 0.11/turn               (no ring)

@: very quick
A: very small, no large weapons, unfitting armour, see invisible, speed 3
a: no special abilities


You were on level 2 of the Dungeon.
You visited 1 branch of the dungeon, and saw 2 of its levels.

You collected 130 gold pieces.

Inventory:

Hand Weapons
 a - a +1 dagger (weapon)
Armour
 b - a +0 robe (worn)
Jewellery
 j - a ring of protection from cold (left hand)
Scrolls
 d - 2 scrolls of magic mapping {unknown}
 e - a scroll of vulnerability {unknown}
 h - 2 scrolls of immolation {unknown}
 i - 3 scrolls of identify {unknown}
 l - 4 scrolls of fear {unknown}
Potions
 c - 2 potions of invisibility
 f - a potion of lignification {unknown}
 g - a potion of resistance {unknown}
 k - a potion of berserk rage {unknown}


   Skills:
 + Level 2.0 Short Blades
 + Level 3.4 Dodging
 + Level 5.1 Stealth
 + Level 3.3 Spellcasting
 + Level 4.2 Hexes


You had 6 spell levels left.
You knew the following spells:

 Your Spells              Type           Power      Damage    Failure   Level
a - Ensorcelled Hibernat  Hex/Ice        18%        N/A       12%         2

Your spell library contained the following spells:

 Spells                   Type           Power      Damage    Failure   Level
 Confusing Touch          Hex            16%        N/A       10%         3
 Tukima's Dance           Hex            16%        N/A       10%         3
 Dazzling Flash           Conj/Hex       18%        N/A       22%         3


Dungeon Overview and Level Annotations

Branches:
Dungeon (2/15)

Altars:


Innate Abilities, Weirdness & Mutations

You are very small and have problems with some larger weapons.
You are too small for most types of armour.
You have supernaturally acute eyesight. (SInv)
You cover ground extremely quickly. (Speed+++)


Message History

The worm resists with some effort.
The worm barely misses you.
The worm resists with some effort.
You hit the worm.
The worm is lightly wounded.
The worm barely misses you.
You hit the worm.
The worm is lightly wounded.
You barely miss the worm.
The worm is lightly wounded.
The worm barely misses you.
You barely miss the worm.
The worm is lightly wounded.
You hit the worm.
The worm is moderately wounded.
The worm completely misses you.
You barely miss the worm.
The worm is moderately wounded.
You hit the worm.
The worm is moderately wounded.
The worm bites you.
You hit the worm.
The worm is heavily wounded.
You hit the worm.
The worm is severely wounded.
The worm barely misses you.
You hit the worm.
The worm is severely wounded.
You hit the worm.
The worm is severely wounded.
The worm bites you.
You hit the worm.
The worm is almost dead.
You hit the worm but do no damage.
The worm is almost dead.
The worm misses you.
You hit the worm but do no damage.
The worm is severely wounded.
The worm bites you!
Ouch! That really hurt!
You die...

# ## # #. # #$##
# #..# ## #.w#
###. #.@#
#####... #..##
#....... #...#
#.#####. #.#.#
##.# #. #...#
###..# #.
###.#####...## ##
#.##....#########
#.##.##..........
#.....##.########


You could see a worm.

Vanquished Creatures
  Terence (D:1)
  An adder (D:2)
  A worm (D:2)
  A dart slug (D:2)
  2 ball pythons (D:1)
  3 bats
  4 endoplasms
  A giant cockroach (D:2)
  2 goblins
  4 kobolds (D:1)
  2 quokkas (D:1)
  2 frilled lizards (D:1)
  2 rats
26 creatures vanquished.

Notes
Turn   | Place    | Note
-------+----------+-------------------------------------------
     0 | D:1      | Patoropollo the Spriggan Enchanter began the quest for the
                  | Orb.
     0 | D:1      | Reached XP level 1. HP: 9/9 MP: 5/5
   323 | D:1      | Reached XP level 2. HP: 13/13 MP: 6/6
   326 | D:1      | Learned a level 2 spell: Ensorcelled Hibernation
   743 | D:2      | Noticed Terence
   781 | D:1      | Killed Terence
   782 | D:1      | Reached skill level 5 in Stealth
   782 | D:1      | Reached XP level 3. HP: 5/16 MP: 1/8
  1022 | D:2      | Found a faded altar of an unknown god.
  1594 | D:2      | Slain by a worm

Illustrated notes

Levels and vault maps discovered:
D:1:      amcnicky_arrival_abandoned_market, layout_basic, serial_rivers,
          chequers_serial_rivers_small_3, chequers_serial_rivers_small_3,
          chequers_serial_rivers_small_b, chequers_serial_rivers_micro_c
D:2:      layout_rooms, hellmonk_ecumenical_altar_pennies_from_heaven,
          uniq_terence

Skill      XL: |  1  2  3 |
---------------+----------+-----
Dodging        | 3 |  3.4
Spellcasting   | 3 |  3.3
Stealth        | 5 |  5.1
Hexes          | 4 |  4.2
Short Blades   | 2 |  2.0

Action                   || total
-------------------------++-------
Melee: Dagger            ||    63
       Punch             ||     1
 Cast: Ensorcelled Hiber ||     9
 Stab: Sleeping          ||    16
Armor: Robe              ||     5
Dodge: Dodged            ||    34

Table legend: (Time is in decaauts)
 A = Elapsed time spent in this place.
 B = Non-inter-level travel time spent in this place.
 C = Inter-level travel time spent in this place.
 D = Time resting spent in this place.
 E = Time spent auto-exploring this place.
 F = Levels seen in this place.
 G = Mean time per level.
                   A        B        C        D        E       F      G
               +--------+--------+--------+--------+--------+-----+--------+
         Total |   1258 |   1250 |      8 |      0 |   1036 |   2 |  629.0 |
       Dungeon |   1258 |   1250 |      8 |      0 |   1036 |   2 |  629.0 |
               +--------+--------+--------+--------+--------+-----+--------+

Top non-repeatable levels by time:
     D:1: 757 daAuts
     D:2: 501 daAuts
